 Dungeon Crawl Stone Soup version 0.23-a0-650-ga4d50d4 (webtiles) character file.

10220 MalarOregon the Impaler (level 11, -9/86 HPs)
             Began as a Merfolk Gladiator on Jan 2, 2019.
             Was a High Priest of Okawaru.
             Mangled by an eight-headed hydra (14 damage)
             ... on level 1 of the Lair of Beasts.
             The game lasted 00:35:15 (10236 turns).

MalarOregon the Impaler (Merfolk Gladiator)        Turns: 10236, Time: 00:35:16

Health: -9/86      AC:  9    Str: 15    XL:     11   Next: 58%
Magic:  14/14      EV: 19    Int: 11    God:    Okawaru [*****.]
Gold:   456        SH:  0    Dex: 15    Spells: 10/10 levels left

rFire    . . .     SeeInvis .   a - +5 trident (freeze)
rCold    . . .     Gourm    .   (no shield)
rNeg     . . .     Faith    .   I - +0 steam dragon scales
rPois    +         Spirit   .   C - +1 helmet
rElec    .         Reflect  .   l - +0 cloak
rCorr    +         Harm     .   (no gloves)
MR       .....                  (no boots)
Stlth    +.........             u - amulet of rage
HPRegen  0.24/turn              z - ring of resist corrosion
MPRegen  0.14/turn              B - ring of poison resistance

@: no status effects
A: change form in water, swift swim, stealthy swim
a: Heroism, Finesse, Renounce Religion, Evoke Berserk Rage


You were on level 1 of the Lair of Beasts.
You worshipped Okawaru.
Okawaru was extremely pleased with you.
You were not hungry.

You visited 3 branches of the dungeon, and saw 10 of its levels.
You also visited: Sewer.

You collected 456 gold pieces.

Inventory:

Hand Weapons
 a - a +5 trident of freezing (weapon)
   (You took it off a wight on level 6 of the Dungeon)
 h - a +2 dagger of venom
   (You took it off a goblin on level 1 of the Dungeon)
 N - a +0 blowgun
   (You took it off a kobold in a sewer)
Missiles
 o - 3 throwing nets {!f}
 y - 9 tomahawks
 E - 4 steel tomahawks
 F - 34 poisoned needles
 O - 5 javelins of returning (quivered)
Armour
 l - a +0 cloak (worn)
   (You found it on level 2 of the Dungeon)
 C - a +1 helmet (worn)
 I - +0 steam dragon scales (worn)
   (You found it on level 7 of the Dungeon)
Jewellery
 i - an uncursed ring of protection from fire
   (You found it on level 5 of the Dungeon)
 u - an amulet of rage (around neck)
   (You found it on level 8 of the Dungeon)
 z - a ring of resist corrosion (left hand)
   (You took it off a crimson imp on level 5 of the Dungeon)
 B - a ring of poison resistance (right hand)
   (You found it on level 4 of the Dungeon)
 K - an uncursed ring of ice
   (You took it off Fannar on level 1 of the Lair of Beasts)
Wands
 c - a wand of disintegration (7)
   (You found it on level 6 of the Dungeon)
 d - a wand of iceblast (15)
   (You took it off Ijyb on level 5 of the Dungeon)
 t - a wand of flame (16)
   (You found it on level 1 of the Lair of Beasts)
 v - a wand of digging (7)
   (You took it off an orc on level 6 of the Dungeon)
 x - a wand of acid (5)
   (You found it on level 1 of the Lair of Beasts)
 J - a wand of polymorph (10)
   (You found it on level 8 of the Dungeon)
Scrolls
 k - a scroll of immolation {!r}
 n - 7 scrolls of teleportation {@r4}
 A - 2 scrolls of enchant weapon
 G - 4 scrolls of enchant armour
Potions
 b - a potion of mutation {unknown}
 f - 2 potions of ambrosia
 g - 6 potions of haste {@q3}
 j - a potion of cancellation
 m - 4 potions of lignification {!q}
 p - 3 potions of might
 q - 4 potions of agility
 r - 7 potions of heal wounds {@q2}
 s - 5 potions of curing {@q1}
 w - 3 potions of brilliance
 D - a potion of resistance
 H - 3 potions of invisibility
 M - 2 potions of magic {unknown}
Comestibles
 e - 14 rations {!d}


   Skills:
 + Level 7.9 Fighting
 + Level 15.6 Polearms
 + Level 7.2 Throwing
 - Level 4.1 Armour
 + Level 9.9 Dodging
 - Level 4.1 Evocations


You had 10 spell levels left.
You didn't know any spells.
Your spell library was empty.

Dungeon Overview and Level Annotations

Branches:
Dungeon (8/15)             Temple (1/1) D:4            Lair (1/6) D:8

Altars:
Ashenzari
Cheibriados
Dithmenos
Elyvilon
Fedhas
Gozag
Hepliaklqana
Kikubaaqudgha
Makhleb
Okawaru
Qazlal
Ru
Sif Muna
Trog
Vehumet
Xom
Zin
The Shining One

Shops:
D:7 :


Message History

You puncture the eight-headed hydra! You freeze the eight-headed hydra.
The eight-headed hydra closely misses you.
The eight-headed hydra misses you. x2; The eight-headed hydra bites you!
The eight-headed hydra closely misses you.
The eight-headed hydra bites you but does no damage.
The eight-headed hydra misses you.
The eight-headed hydra bites you but does no damage.
You hit the eight-headed hydra. You freeze the eight-headed hydra.
You barely miss the eight-headed hydra. The eight-headed hydra bites you! x2
The eight-headed hydra bites you but does no damage. x2
The eight-headed hydra misses you. The eight-headed hydra bites you.
* * * LOW HITPOINT WARNING * * *
The eight-headed hydra bites you but does no damage.
The eight-headed hydra completely misses you.
You barely miss the eight-headed hydra. The eight-headed hydra bites you!
* * * LOW HITPOINT WARNING * * *
The eight-headed hydra closely misses you.
The eight-headed hydra misses you. The eight-headed hydra bites you.
* * * LOW HITPOINT WARNING * * *
The eight-headed hydra bites you!
* * * LOW HITPOINT WARNING * * *
The eight-headed hydra closely misses you.
The eight-headed hydra bites you but does no damage.
The eight-headed hydra bites you.
* * * LOW HITPOINT WARNING * * *
Aim: an eight-headed hydra (heavily wounded)
The bolt of acid hits the eight-headed hydra.
The eight-headed hydra is splashed with acid.
The eight-headed hydra misses you.
The eight-headed hydra bites you but does no damage.
The eight-headed hydra barely misses you.
The eight-headed hydra bites you.
* * * LOW HITPOINT WARNING * * *
The eight-headed hydra bites you.
* * * LOW HITPOINT WARNING * * *
The eight-headed hydra bites you but does no damage.
The eight-headed hydra closely misses you.
The eight-headed hydra barely misses you.
Unknown command.
Aim: an eight-headed hydra (lightly wounded)
The bolt of acid hits the eight-headed hydra.
The eight-headed hydra is splashed with acid.
The acid corrodes the eight-headed hydra!
The eight-headed hydra is no longer covered in acid.
The eight-headed hydra bites you!
* * * LOW HITPOINT WARNING * * *
The eight-headed hydra misses you. The eight-headed hydra bites you!
* * * LOW HITPOINT WARNING * * *
The eight-headed hydra bites you!
You die...

,*,,,,,,*,,.........#,,,,,,##....
,*,,,,,,+,,...............,#.....
,,,,,,,,*,,...#....##.....,##....
,*,,,,,,*,,...P....#*....####...#
*,,,,,,,,,,.,......#####.#≈≈≈≈≈≈≈
,,,,,,,,,######....P##.#.####...#
,,,,,,,,,........................
,,,,,,,,,........................
,,,,,,,,,.......@D...............
,,,,,,,,,.....!..................
,,,(,,,,,........................
,,,,,,***###.#.#................#
***,,******#*##.#..####.P#P.....#
**,,,*,,,,,,,...+...,.....P.....#
,**,,**,,,,,...##...............#
,,,,,,*,,,,,...*#[........+.....#
,**,,,,,,,,,,,,*,,P,,,,,,,*,,,,..


You could see an eight-headed hydra.

Vanquished Creatures
  Fannar (Lair:1)
  A two-headed ogre (D:8)
  3 death yaks
  The ghost of Borgoz the Cleaver, a novice HOFi of Ashenzari (D:6)
  The ghost of pidr the Covert, a novice OpAs (D:5)
  2 komodo dragons (Lair:1)
  A hippogriff (Lair:1)
  A basilisk (Lair:1)
  Eustachio (D:6)
  3 yaks (Lair:1)
  A steam dragon (D:7)
  6 porcupines
  2 water moccasins
  3 orc warriors
  3 sky beasts
  An ice beast (D:5)
  A phantom (D:5)
  6 ogres
  4 wolves (Lair:1)
  3 centaurs
  6 bullfrogs
  2 big kobolds
  A gnoll sergeant (D:6)
  A scorpion (D:6)
  4 killer bees (D:8)
  3 wights (D:6)
  A howler monkey (D:6)
  2 crimson imps
  5 orc wizards
  6 orc priests
  4 hounds
  A jelly (D:5)
  A bullfrog skeleton (D:4)
  Ijyb (D:5)
  Natasha (thrice) (D:3)
  A hell rat (D:8)
  An iguana (D:3)
  4 worker ants
  A hound zombie (D:5)
  A hound skeleton (D:5)
  Robin (D:2)
  7 gnolls (D:6)
  8 adders
  A river rat (D:8)
  A shadow imp (D:8)
  2 adder skeletons
  3 worms
  3 dart slugs (D:4)
  4 leopard geckos
  36 orcs
  9 giant cockroaches
  12 goblins
  10 hobgoblins
  3 jackals
  10 quokkas
  4 ball pythons
  7 bats
  7 frilled lizards
  A jackal skeleton (D:4)
  23 kobolds
  A leopard gecko zombie (D:2)
  14 rats
261 creatures vanquished.

Vanquished Creatures (others)
  2 fungi (Lair:1)
  A plant (Lair:1)
3 creatures vanquished.

Grand Total: 264 creatures vanquished

Notes
Turn   | Place    | Note
-------+----------+-------------------------------------------
     0 | D:1      | MalarOregon the Merfolk Gladiator began the quest for the
                  | Orb.
     0 | D:1      | Reached XP level 1. HP: 16/16 MP: 1/1
    35 | D:1      | Reached skill level 5 in Polearms
    37 | D:1      | Reached XP level 2. HP: 17/22 MP: 2/2
   289 | D:1      | Reached skill level 6 in Polearms
   289 | D:1      | Reached XP level 3. HP: 26/27 MP: 3/3
  1381 | D:2      | Noticed Robin
  1399 | D:2      | Killed Robin
  1399 | D:2      | Reached skill level 7 in Polearms
  1399 | D:2      | Reached XP level 4. HP: 18/33 MP: 4/4
  1852 | D:3      | Noticed Natasha
  1858 | D:3      | Killed Natasha
  1890 | D:3      | Found a faded altar of an unknown god.
  1896 | D:3      | Reached skill level 8 in Polearms
  1896 | D:3      | Reached XP level 5. HP: 31/38 MP: 5/5
  2116 | D:3      | Reached skill level 9 in Polearms
  2171 | D:3      | Found a glowing drain.
  2234 | Sewer    | Entered a sewer
  2321 | Sewer    | Noticed a big kobold
  2329 | Sewer    | Killed a big kobold
  2329 | Sewer    | Reached XP level 6. HP: 33/44 MP: 6/6
  2460 | Sewer    | Reached skill level 10 in Polearms
  2528 | D:3      | Noticed Natasha
  2538 | D:3      | Killed Natasha
  2654 | D:4      | Got a fine short sword
  2756 | D:4      | Found a staircase to the Ecumenical Temple.
  3024 | D:4      | Reached skill level 11 in Polearms
  3024 | D:4      | Reached XP level 7. HP: 20/50 MP: 7/7
  3060 | Temple   | Entered the Ecumenical Temple
  3334 | D:3      | Noticed Natasha
  3343 | D:3      | Killed Natasha
  3416 | D:4      | Reached skill level 12 in Polearms
  3951 | D:5      | Entered Level 5 of the Dungeon
  3951 | D:5      | Found a shadowy altar of Dithmenos.
  3970 | D:5      | Reached XP level 8. HP: 56/56 MP: 8/8
  3986 | D:5      | Reached skill level 13 in Polearms
  4688 | D:5      | Found a runed gate.
  4688 | D:5      | Found a runed gate.
  4688 | D:5      | Found a runed gate.
  4689 | D:5      | Noticed pidr's ghost (novice OpAs)
  4713 | D:5      | Killed pidr's ghost
  4713 | D:5      | Reached skill level 1 in Armour
  4713 | D:5      | Reached skill level 1 in Evocations
  4746 | D:5      | Found a blossoming altar of Fedhas.
  4814 | D:5      | Reached skill level 5 in Dodging
  4814 | D:5      | Reached XP level 9. HP: 64/64 MP: 10/10
  4924 | D:5      | Found a white marble altar of Elyvilon.
  4999 | D:5      | Noticed Ijyb
  5027 | D:5      | Killed Ijyb
  5027 | D:5      | Reached skill level 14 in Polearms
  5688 | D:6      | Found a runed door.
  6026 | D:6      | Noticed Borgoz's ghost (novice HOFi)
  6493 | D:6      | Found an iron altar of Okawaru.
  6529 | D:6      | Became a worshipper of Warmaster Okawaru
  6796 | D:6      | Noticed Eustachio
  6837 | D:6      | Killed Eustachio
  6964 | D:6      | Killed Borgoz's ghost
  6964 | D:6      | Reached * piety under Okawaru
  6964 | D:6      | Reached skill level 5 in Fighting
  6964 | D:6      | Reached XP level 10. HP: 63/74 MP: 11/13
  6990 | D:6      | Found a bloodstained altar of Trog.
  7092 | D:7      | Found Ovion's Book Emporium.
  7677 | D:8      | Reached skill level 5 in Throwing
  7800 | D:8      | Noticed a two-headed ogre
  7806 | D:8      | Killed a two-headed ogre
  7806 | D:8      | Reached ** piety under Okawaru
  7809 | D:8      | Noticed a death yak
  7810 | D:8      | Noticed a death yak
  7856 | D:7      | Killed a death yak
  7856 | D:7      | Reached *** piety under Okawaru
  8016 | D:8      | Noticed a death yak
  8041 | D:7      | Killed a death yak
  8291 | D:8      | Killed a death yak
  8291 | D:8      | Reached **** piety under Okawaru
  8291 | D:8      | Reached skill level 15 in Polearms
  8291 | D:8      | Reached XP level 11. HP: 75/83 MP: 14/14
  8320 | D:8      | Found a staircase to the Lair.
  8620 | D:8      | Got a slimy ring mail
  8632 | D:8      | Identified the cursed +1 ring mail "Engyxkim" {rF+} (You
                  | found it on level 8 of the Dungeon)
  8756 | D:8      | Found a basalt altar of Yredelemnul.
  8758 | D:8      | Found a snail-covered altar of Cheibriados.
  8758 | D:8      | Found an ornate altar of the Wu Jian Council.
  8760 | D:8      | Found a shimmering altar of Xom.
  8760 | D:8      | Found a hide-covered altar of Uskayaw.
  8760 | D:8      | Found a sacrificial altar of Ru.
  8920 | Lair:1   | Entered Level 1 of the Lair of Beasts
  9043 | Lair:1   | Noticed Fannar
  9060 | Lair:1   | Killed Fannar
  9060 | Lair:1   | Reached ***** piety under Okawaru
  9074 | Lair:1   | Noticed an eight-headed hydra
  9900 | Lair:1   | Received a gift from Okawaru
 10236 | Lair:1   | Mangled by an eight-headed hydra

Vault maps used:
D:1:      minmay_arrival_stair_chambers
D:2:      first_ration, uniq_robin
D:3:      chequers_ecumenical_altar_island, gup_sewer_entry_glass,
          minmay_quantized, uniq_natasha
D:4:      kennysheep_big_flooded_room, temple_doors_e
D:5:      elyvilon_altar_4, fedhas_altar_2, lemuel_crystal_altar,
          ebering_ghost_rock_garden, uniq_ijyb
D:6:      lightli_temple_of_fire, kennysheep_little_box,
          ebering_ghost_reflecting_pool, uniq_eustachio
D:7:      serial_shops, shop
D:8:      dpeg_lair_monsters, doesnt_xom_only_xom
Temple:   nicolae_temple_figure_eight
Lair:1:   chequers_serial_rivers_micro_a, cheibrodos_lair_caveside_slide,
          st_stairs_10, uniq_fannar
Sewer:    kennysheep_pipe_town

Skill      XL: |  1  2  3  4  5  6  7  8  9 10 11 |
---------------+----------------------------------+-----
Polearms       | 5 6 7 8 9 11 12 13 14 15 | 15.6
Fighting       | 3 5 6 7 |  7.9
Armour         | 1 3 4 |  4.1
Evocations     | 1 4 |  4.1
Throwing       | 3 4 6 7 |  7.2
Dodging        | 5 7 8 9 |  9.9

Action                   |  1- 3 |  4- 6 |  7- 9 | 10-12 || total
-------------------------+-------+-------+-------+-------++-------
Melee: Trident           |   139 |   243 |   386 |   279 ||  1047
       Dagger            |    12 |    11 |    26 |       ||    49
       Tailslap          |       |     1 |     2 |       ||     3
 Fire: Blowgun           |       |     4 |    10 |       ||    14
Throw: Tomahawk          |       |       |    20 |     1 ||    21
       Javelin           |       |       |       |     4 ||     4
Evoke: Wand              |       |       |     5 |    12 ||    17
  Use: Scroll            |     4 |     3 |    10 |     6 ||    23
 Stab: Sleeping          |     2 |     2 |     3 |       ||     7
       Distracted        |       |       |     1 |     1 ||     2
       Paralysed         |       |       |     4 |       ||     4
  Eat: Chunk             |     2 |     5 |    12 |    11 ||    30
Armor: Leather armour    |    27 |    55 |    53 |     3 ||   138
       Steam dragon scal |       |       |       |    41 ||    41
Dodge: Dodged            |    90 |   117 |   144 |   149 ||   500

Table legend:
 A = Non-vault XP
 B = Vault XP
 C = Vault XP percentage of total XP
 D = Non-vault monster count
 E = Vault monster count
 F = Vault count percentage of total count
                 A         B        C        D         E       F
            +---------+---------+-------+---------+---------+-------
      Total |    8677 |    5924 |  40.6 |     205 |      56 |  21.5
            +---------+---------+-------+---------+---------+-------
        D:1 |      37 |       0 |   0.0 |      22 |       0 |   0.0
        D:2 |      34 |      29 |  46.0 |      21 |       8 |  27.6
        D:3 |     211 |      72 |  25.4 |      31 |       5 |  13.9
        D:4 |     651 |       6 |   0.9 |      27 |       2 |   6.9
        D:5 |    1034 |     578 |  35.9 |      18 |       2 |  10.0
        D:6 |    1339 |     845 |  38.7 |      36 |       2 |   5.3
        D:7 |     604 |    1690 |  73.7 |      10 |       2 |  16.7
        D:8 |    2078 |    1219 |  37.0 |      24 |       9 |  27.3
     Lair:1 |    2689 |    1348 |  33.4 |      16 |       2 |  11.1
      Sewer |       0 |     137 | 100.0 |       0 |      24 | 100.0
            +---------+---------+-------+---------+---------+-------
